 Dungeon Crawl Stone Soup version 0.31.0-32-g396128a36d (webtiles) character file.

Game seed: 9595347654569526037

1037 spaghetti the Covert (level 8, -6/54 (69) HPs)
             Began as a Naga Chaos Knight on Mar 11, 2024.
             Was a Plaything of Xom.
             Mangled by a wight
             ... wielding a +5 halberd
              (11 damage)
             ... on level 6 of the Dungeon.
             The game lasted 00:11:35 (5955 turns).

spaghetti the Covert (Naga Chaos Knight)            Turns: 5955, Time: 00:11:36

HP:   -6/54 (69)    AC: 11    Str: 15    XL:     8   Next: 24%
MP:   1/8           EV:  7    Int: 15    God:    Xom [......]
Gold: 347           SH:  0    Dex: 16    Spells: 2/7 levels left

rFire   . . .        a - +1 short sword (chaos)
rCold   . . .        (no shield)
rNeg    . . .        b - +2 leather armour
rPois   +            (helmet restricted)
rElec   .            (no cloak)
rCorr   .            (no gloves)
SInv    +            f - +1 barding
Will    +....        (no amulet)
Stlth   ++++         d - ring of wizardry
HPRegen 0.29/turn    l - +6 ring of dexterity
MPRegen 0.11/turn

%: wizardry (x1)
@: heavily drained, very slow
A: AC +2, large, see invisible, deformed body, poison resistance, slowness 2,
spit poison 1, naga tail 1, fangs 1, horns 1
a: Spit Poison, Renounce Religion


You were on level 6 of the Dungeon.
You worshipped Xom.
You were a very special plaything of Xom.
You visited 1 branch of the dungeon, and saw 7 of its levels.

You collected 347 gold pieces.

Inventory:

Hand Weapons
 a - a +1 short sword of chaos (weapon)
Armour
 b - a +2 leather armour (worn)
 f - a +1 barding (worn)
Jewellery
 d - a ring of wizardry (left hand)
 h - a +6 ring of dexterity
 j - a ring of ice
 l - a +6 ring of dexterity (right hand)
Scrolls
 c - 2 scrolls of identify
 e - 2 scrolls of poison
 i - 2 scrolls of enchant weapon
 k - 2 scrolls of revelation
 m - a scroll of amnesia


   Skills:
 - Level 3.0 Fighting
 - Level 3.0 Short Blades
 - Level 1.5 Armour
 - Level 0.7 Dodging
 - Level 10.0 Stealth
 + Level 4.4 Summonings
 + Level 4.6 Necromancy


You had 2 spell levels left.
You knew the following spells:

 Your Spells              Type           Power      Damage    Failure   Level
a - Necrotise             Necr           52%        1d6       1%          1
b - Martyr's Knell        Necr/Summ      13%        N/A       21%         4

Your spell library contained the following spells:

 Spells                   Type           Power      Damage    Failure   Level
 Sandblast                Erth           0%         2d4       13%         1
 Vampiric Draining        Necr           13%        2d6       6%          3
 Passwall                 Erth           0%         N/A       36%         3
 Stone Arrow              Conj/Erth      0%         3d7       36%         3
 Curse of Agony           Necr           13%        N/A       45%         5
 Brom's Barrelling Bould  Conj/Erth      0%         2d3       75%         4


Dungeon Overview and Level Annotations

Branches:
Dungeon (7/15)             Temple (0/1) D:4

Altars:
Makhleb

Shops:
D:7 *!

Annotations:
D:6 1 exclusion


Innate Abilities, Weirdness & Mutations

Your serpentine skin is tough. (AC +2)
You have supernaturally acute eyesight. (SInv)
Armour fits poorly on your strangely shaped body.
Your system is resistant to poisons. (rPois)
You cover ground very slowly.
You can spit poison.
You have a snake-like lower body.
You have very sharp teeth.
You have a pair of small horns on your head.


Message History

Casting: Necrotise (safe; 1% risk of failure)
Confirm with . or Enter, or press ? or * to list all spells.
You don't have enough magic to cast this spell.
Okay, then.
Okay, then.
You aren't carrying any items that you can evoke.
Unknown command.
Casting: Necrotise (safe; 1% risk of failure)
Confirm with . or Enter, or press ? or * to list all spells.
You miscast Martyr's Knell.
You are very lightly contaminated with residual magic.
Nothing appears to happen.
The wight hits you from afar with a +5 halberd.
You feel drained.
You feel better.
The wight hits you from afar with a +5 halberd!
You feel drained.
* * * LOW HITPOINT WARNING * * *
The wight hits you but does no damage.
You closely miss the wight.
You headbutt the wight, but do no damage.
The wight hits you with a +5 halberd!
* * * LOW HITPOINT WARNING * * *
You feel better. The wight barely misses you.
You feel better. The wight hits you with a +5 halberd!
* * * LOW HITPOINT WARNING * * *
You feel drained.
* * * LOW HITPOINT WARNING * * *
You hit the wight but do no damage. You headbutt the wight.
The wight is moderately damaged.
The wight hits you with a +5 halberd.
* * * LOW HITPOINT WARNING * * *
You hit the wight.
The wight blinks!
The wight is moderately damaged.
Your magical contamination has completely faded away.
You open the door. 2 wights come into view.
There is an open door here.
The wight hits you from afar with a +5 halberd!
You die...

......................######'###
......................#.......#
......................#.......#
......................#.......#
................>.....#.......#
......................#.......#
...............z......#.......#
......................#...)...#
................@.....#.##....#
.....##########'#######.##....#
.....#,,,,+.............#.....#
.....#,,,,#........%....#.....#
.....#,,,,#....z.z......#.....#
.....#,,,,#.............#.....#
,,,,,*,,,,#.............#.....#
,,,,,*,,,,#....z........#.....#
,,,,,*,,,,#.............#.....#


You could see 3 wights.

Vanquished Creatures
  A nameless horror (D:7)
  A black bear (D:5)
  An ice beast (D:6)
  An ogre (D:5)
  A phantom (D:6)
  A bullfrog (D:7)
  2 bombardier beetles (D:3)
  A jelly (D:7)
  An orc priest (D:6)
  An iguana (D:5)
  2 orc wizards (D:6)
  Robin (D:4)
  7 adders
  A shadow imp (D:6)
  A white imp (D:5)
  2 ufetubi (D:5)
  3 dart slugs
  A ribbon worm (D:2)
  27 orcs
  4 endoplasms
  8 giant cockroaches
  7 goblins
  7 hobgoblins
  3 jackals (D:1)
  5 kobolds
  9 ball pythons
  6 bats
  2 frilled lizards (D:1)
  A kobold (shapeshifter) (D:2)
  5 rats
113 creatures vanquished.

Vanquished Creatures (collateral kills)
  A water moccasin (D:7)
  An orc warrior (D:7)
  2 goblins (D:4)
  A hobgoblin (D:4)
5 creatures vanquished.

Vanquished Creatures (others)
  An endoplasm zombie (D:1)
1 creature vanquished.

Grand Total: 119 creatures vanquished

Notes
Turn   | Place    | Note
-------+----------+-------------------------------------------
     0 | D:1      | spaghetti the Naga Chaos Knight began the quest for the
                  | Orb.
     0 | D:1      | Reached XP level 1. HP: 21/21 MP: 1/1
    38 | D:1      | XOM: silly message
    98 | D:1      | Reached skill level 1 in Stealth
   167 | D:1      | XOM: 3-stop teleportation journey
   188 | D:1      | Reached skill level 2 in Stealth
   209 | D:1      | Reached XP level 2. HP: 27/28 MP: 2/2
   228 | D:1      | Reached skill level 3 in Stealth
   507 | D:1      | Reached skill level 4 in Stealth
   538 | D:1      | Reached XP level 3. HP: 31/34 MP: 3/3
   923 | D:1      | XOM: stat loss: -1 Int (10/14)
  1311 | D:2      | Reached skill level 5 in Stealth
  1337 | D:2      | a goblin changed into a shapeshifter
  1337 | D:2      | Noticed a shapeshifter (shapeshifter)
  1337 | D:2      | XOM: polymorph goblin -> shapeshifter
  1338 | D:2      | a shapeshifter changed into a kobold
  1409 | D:2      | Reached XP level 4. HP: 28/42 MP: 4/4
  1415 | D:2      | XOM: give mutation
  1415 | D:2      | Gained mutation: You are partially covered in iridescent
                  | scales. (AC +2) [Xom's mischief]
  1484 | D:2      | Reached skill level 6 in Stealth
  1513 | D:2      | XOM: 7-stop teleportation journey
  1723 | D:2      | Learned a level 1 spell: Necrotise
  1987 | D:2      | XOM: god gift: potion of curing
  2337 | D:3      | XOM: confuse monster(s)
  2342 | D:3      | Reached skill level 7 in Stealth
  2342 | D:3      | Reached XP level 5. HP: 49/49 MP: 5/5
  2348 | D:3      | XOM: scenery: 1 doors open
  2451 | D:3      | Found a faded altar of an unknown god.
  2525 | D:3      | Reached skill level 8 in Stealth
  2570 | D:3      | XOM: cloud trail
  2678 | D:3      | XOM: noise
  3019 | D:4      | Lost mutation: You are partially covered in iridescent
                  | scales. (AC +2) [potion of mutation]
  3019 | D:4      | Gained mutation: You have very sharp teeth. [potion of
                  | mutation]
  3019 | D:4      | Gained mutation: You have a pair of small horns on your
                  | head. [potion of mutation]
  3066 | D:4      | XOM: silly message
  3121 | D:4      | Noticed Robin
  3127 | D:4      | Killed Robin
  3136 | D:4      | Reached XP level 6. HP: 40/56 MP: 4/6
  3201 | D:4      | XOM: 3-stop teleportation journey
  3206 | D:4      | Reached skill level 9 in Stealth
  3250 | D:4      | Found a staircase to the Ecumenical Temple.
  3352 | D:4      | XOM: 2-stop teleportation journey
  3463 | D:4      | Learned a level 4 spell: Martyr's Knell
  3678 | D:5      | Entered Level 5 of the Dungeon
  3763 | D:5      | Found a burning altar of Makhleb.
  3885 | D:5      | Reached skill level 1 in Summonings
  3885 | D:5      | Reached skill level 1 in Necromancy
  3914 | D:5      | XOM: noise
  3969 | D:5      | Noticed a black bear
  4108 | D:5      | Killed a black bear
  4109 | D:5      | Reached XP level 7. HP: 44/62 MP: 7/7
  4510 | D:5      | XOM: butterfly on damage
  4519 | D:5      | Noticed a nameless horror
  4764 | D:6      | XOM: 1-stop teleportation journey
  4787 | D:6      | XOM: smoke on damage
  4849 | D:6      | Reached skill level 10 in Stealth
  4913 | D:6      | XOM: swap monsters
  5334 | D:7      | XOM: summons 7 friendly demons
  5338 | D:7      | Reached XP level 8. HP: 50/69 MP: 8/8
  5339 | D:7      | Found Jenkoef's Distillery.
  5442 | D:7      | Noticed a nameless horror
  5442 | D:7      | XOM: potion effect (magic)
  5443 | D:7      | Noticed a nameless horror
  5521 | D:7      | Found Astrocaorro's Assorted Antiques.
  5702 | D:6      | XOM: cast spell 'Disjunction'
  5706 | D:6      | XOM: divination: magic mapping
  5769 | D:7      | XOM: cast spell 'Alistair's Intoxication'
  5789 | D:7      | Killed a nameless horror
  5927 | D:7      | XOM: fake destruction
  5955 | D:6      | Mangled by a wight

Illustrated notes

Levels and vault maps discovered:
D:1:      minmay_arrival_split_and_join, layout_basic, minmay_worlds_worst_comb
D:2:      layout_basic, solitary_fountain, kennysheep_minor_cross,
          minmay_heptomino_d4
D:3:      layout_basic, basic_ecumenical_altar
D:4:      layout_gridville, minmay_temple_entry_grid,
          serial_library_hellmonk_u_bend, uniq_robin
D:5:      layout_gridville, overflow_temple_1_default, jmf_multi_god_temple2
D:6:      layout_gridville
D:7:      layout_cave_pools, serial_shops, shop, shop, shop,
          nicolae_inconvenience_store

Skill      XL: |  1  2  3  4  5  6  7  8 |
---------------+-------------------------+-----
Stealth        | 2 4 5 7 8 9 10 | 10.0
Summonings     | 1 3 4 |  4.4
Necromancy     | 1 4 |  4.6
Fighting       | |  3.0
Short Blades   | |  3.0
Armour         | |  1.5
Dodging        | |  0.7

Action                     |  1- 3 |  4- 6 |  7- 9 || total
---------------------------+-------+-------+-------++-------
  Melee: Short sword       |    97 |    91 |    94 ||   282
         Punch             |     1 |     1 |     2 ||     4
         Headbutt          |       |     8 |    22 ||    30
         Bite              |       |     7 |    10 ||    17
   Cast: Necrotise         |       |    23 |    32 ||    55
         Martyr's Knell    |       |       |     6 ||     6
Ability: Spit Poison       |    23 |    28 |    23 ||    74
    Use: Potion            |     5 |     3 |     3 ||    11
         Scroll            |     2 |     4 |     7 ||    13
   Stab: Sleeping          |     2 |     2 |       ||     4
         Distracted        |       |     1 |       ||     1
         Confused          |       |       |     1 ||     1
 Armour: Leather armour    |    91 |    64 |   143 ||   298
  Dodge: Dodged            |    97 |    38 |    55 ||   190
